AoeStats
← kaanve

Nomad

510156649Analyzed
4v4 RM · 1d ago on Sep 29, 2026· 30m 14s· 8 players
Game mode
Random Map
Map size
231×231
Population
200
Speed
Normal
Resources
Standard
Victory
Conquest
Starting age
Dark Age
Ending age
Imperial Age
RankedLock teamsTeams togetherTeam positionsShared explorationLock speedFull tech treeHidden civsTurbo modeCheats
Victory
Defeat
🇳🇱 Malians · Netherlands
1226
+13
🇺🇸 Danes · United States
1214
+13
🇹🇷 Tatars · Türkiye
1210
+14
🇺🇸 Saxons · United States
1154
+16
🇹🇷 Danes · Türkiye
1182
-15
🇹🇷 Huns · Türkiye
1158
-14
🇫🇷 Varangians · France
1148
-14
🇫🇷 Saxons · France
1132
-13
kaanve
4:18 Loom
15:24 Feudal Age
16:00 Double-Bit Axe
21:01 Castle Age
19:10 Fletching
20:30 Padded Archer Armor
21:58 Bow Saw
21:50 Bodkin Arrow
23:17 Fishing Lines
24:18 Husbandry
24:36 Thumb Ring
25:52 Horse Collar
26:20 Gold Mining
26:57 Bloodlines
27:51 Stone Mining
28:58 Heavy Plow
RicH33
4:51 Loom
19:45 Feudal Age
21:25 Double-Bit Axe
24:24 Man-at-Arms
24:55 Man-at-Arms
25:21 Fishing Lines
Pulse it
3:59 Loom
13:29 Feudal Age
13:58 Double-Bit Axe
18:45 Castle Age
16:49 Horse Collar
18:11 Arson
18:27 Scale Mail Armor
19:16 Forging
19:51 Town Watch
25:46 Wheelbarrow
28:51 Heavy Plow
Vuki
5:09 Loom
13:08 Feudal Age
14:00 Double-Bit Axe
14:20 Horse Collar
14:09 Man-at-Arms
21:10 Castle Age
19:46 Forging
19:37 Scale Mail Armor
20:09 Arson
20:27 Fishing Lines
21:28 Stone Mining
21:31 Long Swordsman
22:02 Gambesons
22:21 Squires
23:24 Gillnets
25:02 Wheelbarrow
28:23 Fletching
29:46 Iron Casting
29:09 Bodkin Arrow
zeyrek
4:37 Loom
14:40 Feudal Age
16:47 Double-Bit Axe
19:58 Castle Age
17:57 Gold Mining
18:37 Fletching
20:00 Padded Archer Armor
19:56 Horse Collar
21:02 Leather Archer Armor
20:42 Bodkin Arrow
22:32 Bow Saw
23:16 Wheelbarrow
24:41 Husbandry
26:10 Medium Warships
26:33 Hand Cart
29:45 Ballistics
30:16 Masonry
rambo
4:05 Loom
14:38 Feudal Age
20:48 Castle Age
19:31 Forging
19:22 Scale Mail Armor
19:54 Gold Mining
20:15 Double-Bit Axe
21:06 Fletching
22:00 Chain Mail Armor
22:20 Iron Casting
23:53 Gold Shaft Mining
25:01 Bodkin Arrow
25:57 Crossbowman
28:23 Padded Archer Armor
Biodox
13:19 Feudal Age
11:37 Loom
15:32 Wheelbarrow
14:51 Fletching
15:08 Double-Bit Axe
17:21 Town Watch
22:16 Castle Age
22:38 Scale Mail Armor
23:49 Chain Mail Armor
23:42 Squires
23:56 Fishing Lines
27:37 Bodkin Arrow
28:50 Padded Archer Armor
29:38 Bow Saw
29:10 Horse Collar
29:54 Gold Mining
Brandon
3:53 Loom
9:41 Loom
13:17 Feudal Age
16:53 Castle Age
15:48 Stone Mining
16:42 Double-Bit Axe
21:04 Forging
20:57 Scale Mail Armor
23:49 Town Watch
24:37 Squires
24:33 Arson
27:06 Iron Casting
26:51 Chain Mail Armor
Connection lost

Rejoining the realm…

Still unreachable

The connection could not be restored.

Session expired

The server has moved on; the page needs a fresh start.